PA
HAMMOND HERONS @ COLUMBIA RIVER RATS
07/11/2029
 
TOP OF THE 1ST
Hammond Herons batting - Pitching for Columbia River Rats : LHP Giel Overwater
Pitching: LHP Giel Overwater
Batting: RHB Guillermo Montepeque 0-0: Called Strike
0-1: Ball
1-1: Ground out 4-3 (Groundball, 34)
Batting: RHB Landon Edwards 0-0: Swinging Strike
0-1: Ball
1-1: Foul Ball, location: 2F
1-2: Ball
2-2: Ball
3-2: Fly out, F2 (Popup, 15S)
Batting: RHB Norm Freshwater 0-0: Called Strike
0-1: Ball
1-1: SINGLE (Groundball, 4D)
Batting: LHB Shigenobu Ohayashi 0-0: Called Strike
0-1: Foul Ball, location: 2F
0-2: Strikes out swinging
Top of the 1st over - 0 runs, 1 hit, 0 errors, 1 left on base; Hammond 0 - Columbia 0
BOTTOM OF THE 1ST
Columbia River Rats batting - Pitching for Hammond Herons : RHP Chad Li
Pitching: RHP Chad Li
Batting: SHB Robert Hillier 0-0: Ground out 4-3 (Groundball, 4)
Batting: RHB Brodie Floyd 0-0: Called Strike
0-1: Ball
1-1: Foul Ball, location: 2F
1-2: Strikes out looking
Batting: RHB Yves Girard 0-0: Ball
1-0: Called Strike
1-1: Swinging Strike
1-2: Strikes out swinging
Bottom of the 1st over - 0 runs, 0 hits, 0 errors, 0 left on base; Hammond 0 - Columbia 0
TOP OF THE 2ND
Hammond Herons batting - Pitching for Columbia River Rats : LHP Giel Overwater
Batting: RHB Armando Romero 0-0: Called Strike
0-1: SINGLE (Line Drive, 6M)
Batting: LHB Raymond Dudzinski 0-0: Called Strike
0-1: Called Strike
0-2: Strikes out swinging
Batting: RHB Jong-beom Chang 0-0: Ball
1-0: Ball
2-0: Called Strike
2-1: Ball
3-1: Foul Ball, location: 2F
3-2: 2-RUN HOME RUN (Flyball, 89XD), Distance : 400 ft
Batting: RHB Spartak Gonjarov 0-0: Called Strike
0-1: Ball
1-1: Foul Ball, location: 2F
1-2: Foul Ball, location: 2F
1-2: Ball
2-2: SINGLE (Line Drive, 8RS)
Batting: RHB Juan Laguna 0-0: Ball
1-0: Ball
2-0: Foul Ball, location: 2F
2-1: Called Strike
2-2: Strikes out looking
Batting: RHB Guillermo Montepeque 0-0: Called Strike
0-1: Ball
1-1: Ball
2-1: Ball
3-1: Called Strike
3-2: Foul Ball, location: 2F
3-2: Base on Balls
Spartak Gonjarov to second
Batting: RHB Landon Edwards 0-0: Ball
1-0: Ball
2-0: Swinging Strike
2-1: Foul Ball, location: 2F
2-2: Foul Ball, location: 2F
2-2: Strikes out swinging
Top of the 2nd over - 2 runs, 3 hits, 0 errors, 2 left on base; Hammond 2 - Columbia 0
BOTTOM OF THE 2ND
Columbia River Rats batting - Pitching for Hammond Herons : RHP Chad Li
Batting: SHB José Segura 0-0: Ball
1-0: Called Strike
1-1: Foul Ball, location: 2F
1-2: Ball
2-2: Strikes out swinging
Batting: RHB Júlio Costa 0-0: Called Strike
0-1: Swinging Strike
0-2: Strikes out swinging
Batting: LHB Jordan Westacott 0-0: Ball
1-0: Ground out 6-3 (Groundball, 6)
Bottom of the 2nd over - 0 runs, 0 hits, 0 errors, 0 left on base; Hammond 2 - Columbia 0
TOP OF THE 3RD
Hammond Herons batting - Pitching for Columbia River Rats : LHP Giel Overwater
Batting: RHB Norm Freshwater 0-0: Foul Ball, location: 2F
0-1: Swinging Strike
0-2: Strikes out swinging
Batting: LHB Shigenobu Ohayashi 0-0: Called Strike
0-1: Ball
1-1: Fly out, F8 (Flyball, 8RS)
Batting: RHB Armando Romero 0-0: Ball
1-0: Foul Ball, location: 2F
1-1: SINGLE (Flyball, 78M)
Batting: LHB Raymond Dudzinski 0-0: Ball
1-0: Ball
2-0: Called Strike
2-1: Ball
3-1: Foul Ball, location: 2F
3-2: SINGLE (Line Drive, 4D)
Armando Romero to second
Armando Romero to third
Batting: RHB Jong-beom Chang 0-0: Ball
1-0: Swinging Strike
Pickoff Throw to First - Out!
Top of the 3rd over - 0 runs, 2 hits, 0 errors, 1 left on base; Hammond 2 - Columbia 0
BOTTOM OF THE 3RD
Columbia River Rats batting - Pitching for Hammond Herons : RHP Chad Li
Batting: RHB Andrew Berven 0-0: Ball
1-0: Fly out, F4 (Popup, 4MD)
Batting: RHB Harley Whitfield 0-0: Called Strike
0-1: Ball
1-1: Fly out, F5 (Flyball, 5DF)
Batting: SHB Steve Gray 0-0: Ball
1-0: Ball
2-0: Ball
3-0: Base on Balls
Batting: SHB Robert Hillier 0-0: Ball
1-0: Swinging Strike
1-1: Ball
2-1: Ground out 1-3 (Groundball, 13S)
Bottom of the 3rd over - 0 runs, 0 hits, 0 errors, 1 left on base; Hammond 2 - Columbia 0
TOP OF THE 4TH
Hammond Herons batting - Pitching for Columbia River Rats : LHP Giel Overwater
Batting: RHB Jong-beom Chang 0-0: Ball
1-0: Foul Ball, location: 2F
1-1: Ball
2-1: Ball
3-1: Foul Ball, location: 2F
3-2: Fly out, F8 (Flyball, 8RD)
Batting: RHB Spartak Gonjarov 0-0: Called Strike
0-1: SINGLE (Line Drive, 6D)
Pitching: RHP Jim Eisenmenger
Batting: RHB Juan Laguna 0-0: Called Strike
0-1: Foul Ball, location: 2F
0-2: Ball
1-2: Ball
2-2: Foul Ball, location: 2F
2-2: Foul Ball, location: 2F
2-2: Ball
3-2: Foul Ball, location: 2F
3-2: Fly out, F7 (Flyball, 78D)
Batting: RHB Guillermo Montepeque 0-0: Ball
1-0: Ball
2-0: Called Strike
2-1: Ball
3-1: Called Strike
3-2: Foul Ball, location: 2F
3-2: Strikes out looking
Top of the 4th over - 0 runs, 1 hit, 0 errors, 1 left on base; Hammond 2 - Columbia 0
BOTTOM OF THE 4TH
Columbia River Rats batting - Pitching for Hammond Herons : RHP Chad Li
Batting: RHB Brodie Floyd 0-0: Ball
1-0: Foul Ball, location: 2F
1-1: Ball
2-1: Foul Ball, location: 2F
2-2: Strikes out swinging
Batting: RHB Yves Girard 0-0: Called Strike
0-1: Called Strike
0-2: Ball
1-2: Ball
2-2: Foul Ball, location: 2F
2-2: Ball
3-2: Foul Ball, location: 2F
3-2: Base on Balls
Batting: SHB José Segura 0-0: Called Strike
0-1: Ball
1-1: Ball
2-1: Foul Ball, location: 2F
2-2: Reached on error, E6 (Groundball, 6)
Yves Girard to second
Batting: RHB Júlio Costa 0-0: Called Strike
0-1: Ball
1-1: Swinging Strike
1-2: SINGLE (Line Drive, 7S)
Yves Girard to third
José Segura to second
Runner from 3rd tries for Home, SAFE, no throw
Batting: LHB Jordan Westacott 0-0: Ball
1-0: SINGLE (Groundball, 4MS) (infield hit)
José Segura to third
Júlio Costa to second
Pinch Runner at 1st Peter Morgan:
Batting: RHB Andrew Berven 0-0: Ball
1-0: Foul Ball, location: 2F
1-1: Ball
2-1: Foul Ball, location: 2F
2-2: Foul Ball, location: 2F
2-2: SINGLE (Line Drive, 7S)
José Segura scores
Júlio Costa to third
Peter Morgan to second
Batting: RHB Harley Whitfield 0-0: Called Strike
0-1: SINGLE (Line Drive, 8LS)
Júlio Costa scores
Peter Morgan to third
Andrew Berven to second
Runner from 3rd tries for Home, SAFE, no throw
Batting: SHB Steve Gray 0-0: Foul Ball, location: 2F
0-1: Ball
1-1: Called Strike
1-2: Ball
2-2: Foul Ball, location: 2F
2-2: Ball
3-2: Foul Ball, location: 2F
3-2: Base on Balls
Andrew Berven to third
Harley Whitfield to second
Batting: SHB Robert Hillier 0-0: Called Strike
0-1: Fly out, F8 (Line Drive, 8LD)
Runner from 3rd tags up, SCORES, no throw
Batting: RHB Brodie Floyd 0-0: Swinging Strike
0-1: Ball
1-1: Ball
2-1: Foul Ball, location: 2F
2-2: Strikes out looking
Bottom of the 4th over - 5 runs, 4 hits, 1 error, 2 left on base; Hammond 2 - Columbia 5
TOP OF THE 5TH
Hammond Herons batting - Pitching for Columbia River Rats : RHP Jim Eisenmenger
Now in RF: Peter Morgan
Batting: RHB Landon Edwards 0-0: Swinging Strike
0-1: Swinging Strike
0-2: Foul Ball, location: 2F
0-2: Strikes out swinging
Batting: RHB Norm Freshwater 0-0: Fly out, F8 (Flyball, 89D)
Batting: LHB Shigenobu Ohayashi 0-0: Ground out U3 (Groundball, 3)
Top of the 5th over - 0 runs, 0 hits, 0 errors, 0 left on base; Hammond 2 - Columbia 5
BOTTOM OF THE 5TH
Columbia River Rats batting - Pitching for Hammond Herons : RHP Chad Li
Batting: RHB Yves Girard 0-0: Ball
1-0: Ball
2-0: Called Strike
2-1: Ball
3-1: Ground out U3 (Groundball, 3)
Batting: SHB José Segura 0-0: Foul Ball, location: 2F
0-1: Foul Ball, location: 2F
0-2: Ground out 4-3 (Groundball, 4)
Batting: RHB Júlio Costa 0-0: Called Strike
0-1: Foul Ball, location: 2F
0-2: Ball
1-2: Ball
2-2: SINGLE (Groundball, 34D)
Batting: RHB Peter Morgan Pickoff Throw to First - Out!
Bottom of the 5th over - 0 runs, 1 hit, 0 errors, 0 left on base; Hammond 2 - Columbia 5
TOP OF THE 6TH
Hammond Herons batting - Pitching for Columbia River Rats : RHP Jim Eisenmenger
Batting: RHB Armando Romero 0-0: Ball
1-0: Called Strike
1-1: Ball
2-1: Ball
3-1: Base on Balls
Batting: LHB Raymond Dudzinski 0-0: Ball
1-0: Fly out, F4 (Flyball, 34D)
Batting: RHB Jong-beom Chang 0-0: Ball
1-0: DOUBLE (Flyball, 8RXD)
Armando Romero to third
Batting: RHB Spartak Gonjarov 0-0: Ball
1-0: Called Strike
1-1: Foul Ball, location: 2F
1-2: Ball
2-2: Ball
3-2: Foul Ball, location: 2F
3-2: Strikes out swinging
Batting: RHB Juan Laguna 0-0: Swinging Strike
0-1: Ball
1-1: Called Strike
1-2: Strikes out swinging
Top of the 6th over - 0 runs, 1 hit, 0 errors, 2 left on base; Hammond 2 - Columbia 5
BOTTOM OF THE 6TH
Columbia River Rats batting - Pitching for Hammond Herons : RHP Chad Li
Batting: RHB Peter Morgan 0-0: Ball
1-0: Fly out, F7 (Flyball, 7S)
Batting: RHB Andrew Berven 0-0: Ball
1-0: Called Strike
1-1: Ball
2-1: Called Strike
2-2: Strikes out swinging
Batting: RHB Harley Whitfield 0-0: Ball
1-0: Called Strike
1-1: Ball
2-1: Ground out 4-3 (Groundball, 4)
Bottom of the 6th over - 0 runs, 0 hits, 0 errors, 0 left on base; Hammond 2 - Columbia 5
TOP OF THE 7TH
Hammond Herons batting - Pitching for Columbia River Rats : RHP Jim Eisenmenger
Batting: RHB Guillermo Montepeque 0-0: Called Strike
0-1: Ball
1-1: Foul Ball, location: 2F
1-2: Foul Ball, location: 2F
1-2: Ball
2-2: Strikes out swinging, 2-3 out at first.
Batting: RHB Landon Edwards 0-0: Called Strike
0-1: Fly out, F8 (Flyball, 8RD)
Batting: RHB Norm Freshwater 0-0: Called Strike
0-1: Called Strike
0-2: Strikes out swinging
Top of the 7th over - 0 runs, 0 hits, 0 errors, 0 left on base; Hammond 2 - Columbia 5
BOTTOM OF THE 7TH
Columbia River Rats batting - Pitching for Hammond Herons : RHP Chad Li
Batting: SHB Steve Gray 0-0: Ball
1-0: Called Strike
1-1: Foul Ball, location: 2F
1-2: Ball
2-2: SINGLE (Groundball, 6MD)
Pitching: RHP Jorge Reyna
Batting: SHB Robert Hillier 0-0: Ball
1-0: Fly out, F7 (Flyball, 7LS)
Batting: RHB Brodie Floyd 0-0: Ball
1-0: Ball
2-0: Foul Ball, location: 2F
2-1: Foul Ball, location: 2F
2-2: Ball
3-2: Grounds into double play, 6-4-3 (Groundball, 6)
Bottom of the 7th over - 0 runs, 1 hit, 0 errors, 0 left on base; Hammond 2 - Columbia 5
TOP OF THE 8TH
Hammond Herons batting - Pitching for Columbia River Rats : RHP Jim Eisenmenger
Batting: LHB Shigenobu Ohayashi 0-0: Ball
1-0: Ball
2-0: Foul Ball, location: 2F
2-1: Foul Ball, location: 2F
2-2: Ball
3-2: Fly out, F4 (Popup, 4M)
Batting: RHB Armando Romero 0-0: Ball
1-0: Ground out 1-3 (Groundball, 13)
Batting: LHB Raymond Dudzinski 0-0: Called Strike
0-1: Ball
1-1: Fly out, F8 (Flyball, 8RM)
Top of the 8th over - 0 runs, 0 hits, 0 errors, 0 left on base; Hammond 2 - Columbia 5
BOTTOM OF THE 8TH
Columbia River Rats batting - Pitching for Hammond Herons : RHP Jorge Reyna
Batting: RHB Yves Girard 0-0: Ball
1-0: Called Strike
1-1: Foul Ball, location: 2F
1-2: Fly out, F8 (Flyball, 8LM)
Batting: SHB José Segura 0-0: Ball
1-0: Called Strike
1-1: DOUBLE (Line Drive, 9D)
Batting: RHB Júlio Costa 0-0: Intentional Walk
Batting: RHB Peter Morgan 0-0: Ball
1-0: Foul Ball, location: 2F
1-1: Ball
2-1: Foul Ball, location: 2F
2-2: Grounds into double play, 4-6-3 (Groundball, 4)
Bottom of the 8th over - 0 runs, 1 hit, 0 errors, 1 left on base; Hammond 2 - Columbia 5
TOP OF THE 9TH
Hammond Herons batting - Pitching for Columbia River Rats : RHP Jim Eisenmenger
Batting: RHB Jong-beom Chang 0-0: SINGLE (Flyball, 78M) - OUT at second base trying to stretch hit.
Batting: RHB Spartak Gonjarov 0-0: Fly out, F3 (Popup, 34)
Batting: RHB Juan Laguna 0-0: Ball
1-0: Called Strike
1-1: Swinging Strike
1-2: Strikes out swinging
Top of the 9th over - 0 runs, 1 hit, 0 errors, 0 left on base; Hammond 2 - Columbia 5
Tuesday, December 19th, 2017 - OOTP Baseball 18.8 Build 76